 Dungeon Crawl Stone Soup version 0.30.0-19-g36f170ea60 (webtiles) character file.

Game seed: 3066794063063383104

56 DildoBatman the Conjurer (level 4, 0/32 HPs)
             Began as a Formicid Conjurer on June 1, 2023.
             Succumbed to an adder's poison
             ... on level 3 of the Dungeon.
             The game lasted 00:02:44 (924 turns).

DildoBatman the Conjurer (Formicid Conjurer)         Turns: 924, Time: 00:02:45

Health: 0/32       AC:  2    Str: 12    XL:     4   Next: 17%
Magic:  2/7        EV: 12    Int: 19    God:
Gold:   45         SH:  0    Dex: 12    Spells: 5/8 levels left

rFire   . . .        a - +0 dagger (speed)
rCold   . . .        (no shield)
rNeg    . . .        g - +0 robe
rPois   .            (helmet unavailable)
rElec   .            (no cloak)
rCorr   .            (no gloves)
SInv    +            (no boots)
Will    .....        (no amulet)
Stlth   ++           (no ring)
HPRegen 0.25/turn    (no ring)
MPRegen 0.10/turn

%: no passive effects
@: lethally poisoned (0 -> -1)
A: permanent stasis, dig shafts and tunnels, antennae 3, four strong arms
a: Dig, Shaft Self


You were on level 3 of the Dungeon.
You visited 1 branch of the dungeon, and saw 3 of its levels.

You collected 45 gold pieces.

Inventory:

Hand Weapons
 a - a +0 dagger of speed (weapon)
 c - a +0 dagger
Missiles
 d - 18 stones
 e - 2 javelins
Armour
 g - a +0 robe (worn)
 j - a +0 buckler
Scrolls
 f - a scroll of immolation {unknown}
 h - a scroll of fog {unknown}
Potions
 b - a potion of magic
 i - a potion of flight {unknown}
 k - a potion of curing {unknown}
 l - a potion of lignification {unknown}


   Skills:
 * Level 1.1 Fighting
 * Level 1.1 Armour
 * Level 2.2 Dodging
 - Level 3.0 Stealth
 * Level 0.6 Shields
 * Level 2.6 Spellcasting
 * Level 3.8 Conjurations


You had 5 spell levels left.
You knew the following spells:

 Your Spells              Type           Power      Damage    Failure   Level
a - Searing Ray           Conj           34%        2d5       4%          2
c - Magic Dart            Conj           68%        1d6       3%          1

Your spell library contained the following spells:

 Spells                   Type           Power      Damage    Failure   Level
 Dazzling Flash           Conj/Hex       18%        N/A       22%         3
 Fulminant Prism          Conj/Hex       4%         3d5       56%         4
 Iskenderun's Mystic Bla  Conj/Tloc      9%         2d4       56%         4


Dungeon Overview and Level Annotations

Branches:
Dungeon (3/15)

Altars:


Innate Abilities, Weirdness & Mutations

You cannot be hasted, slowed, berserked, paralysed or teleported.
You can dig through walls and to a lower floor.
You have a pair of large antennae on your head. (SInv)
Your four strong arms can wield two-handed weapons with a shield.


Message History

The rat bites you. What are your orders? t - Shout!
Orders for allies: a - Attack new target. r - Retreat! s - Stop attacking. g - Guard the area. f - Follow me.
Anything else - Cancel.
You shout for attention!
You feel sick. The adder misses you. The rat completely misses you.
What are your orders? t - Shout!
Orders for allies: a - Attack new target. r - Retreat! s - Stop attacking. g - Guard the area. f - Follow me.
Anything else - Cancel.
You shout for attention!
You feel sick. The adder closely misses you.
The adder bites you but does no damage. The rat bites you.
What are your orders? t - Shout!
Orders for allies: a - Attack new target. r - Retreat! s - Stop attacking. g - Guard the area. f - Follow me.
Anything else - Cancel.
You shout for attention!
You feel sick. The adder closely misses you. The rat bites you.
What are your orders? t - Shout!
Orders for allies: a - Attack new target. r - Retreat! s - Stop attacking. g - Guard the area. f - Follow me.
Anything else - Cancel.
You shout for attention!
You die...

#.#.#.#.#
#........ #
#.#.#.#.# #.##
#........
....#.#.#.#.#
#..#........
#..r#.#.#.#
#..@S......
#.........##.#
####..###.#
#.. # #.. >..
###. ..


You could see an adder and a rat.

Vanquished Creatures
  3 adders (D:2)
  3 endoplasms
  2 goblins
  A hobgoblin (D:1)
  7 jackals (D:1)
  A kobold (D:1)
  4 quokkas
  A ball python (D:1)
  3 bats (D:1)
  A frilled lizard (D:1)
  A rat (D:1)
27 creatures vanquished.

Notes
Turn   | Place    | Note
-------+----------+-------------------------------------------
     0 | D:1      | DildoBatman the Formicid Conjurer began the quest for the
                  | Orb.
     0 | D:1      | Reached XP level 1. HP: 13/13 MP: 3/3
   215 | D:1      | Reached XP level 2. HP: 19/19 MP: 1/5
   461 | D:1      | Reached XP level 3. HP: 21/25 MP: 0/6
   464 | D:1      | Learned a level 2 spell: Searing Ray
   825 | D:2      | Reached skill level 1 in Fighting
   825 | D:2      | Reached skill level 1 in Armour
   906 | D:2      | Reached XP level 4. HP: 20/32 MP: 0/7
   908 | D:2      | You fall into a shaft and drop 1 floor!
   923 | D:3      | HP: 1/32 [rat (2)]
   924 | D:3      | Succumbed to an adder's poison

Illustrated notes

Levels and vault maps discovered:
D:1:      minmay_arrival_five_plusses, layout_rooms, kennysheep_boxes
D:2:      layout_loops_cross
D:3:      layout_loops_corners, serial_glass, glass_columns_b, glass_columns_c,
          glass_columns_a, glass_columns_a, glass_columns_a, glass_columns_c,
          ebering_ghost_sewer_d, shapermc_ecumenical_altar_pompeii,
          minmay_misc_feat_secret_circle, minmay_shallow_snake_nest

Skill      XL: |  1  2  3 |
---------------+----------+-----
Dodging        | 2 |  2.2
Fighting       | 1 |  1.1
Armour         | 1 |  1.1
Stealth        | 3 |  3.0
Shields        | |  0.6
Spellcasting   | |  2.6
Conjurations   | |  3.8

Action                     |  1- 3 |  4- 6 || total
---------------------------+-------+-------++-------
  Melee: Dagger            |    34 |       ||    34
   Cast: Magic Dart        |    44 |       ||    44
         Searing Ray       |     2 |       ||     2
Ability: Shaft Self        |       |     1 ||     1
   Stab: Sleeping          |     1 |       ||     1
 Armour: Robe              |     6 |     1 ||     7
  Dodge: Dodged            |    32 |    10 ||    42
